 Dungeon Crawl Stone Soup version 0.31.0-11-ge490571c62 (webtiles) character file.

Game seed: 14503265190536347880

100 browni3141 the Trooper (level 4, -15/41 HPs)
             Began as a Minotaur Fighter on Jan 28, 2024.
             Demolished by an orc priest
             ... wielding a +2 hand axe of electrocution
              (20 damage)
             ... on level 3 of the Dungeon.
             The game lasted 00:00:50 (1974 turns).

browni3141 the Trooper (Minotaur Fighter)           Turns: 1974, Time: 00:00:50

Health: -15/41     AC:  7    Str: 23    XL:     4   Next: 47%
Magic:  3/3        EV:  9    Int:  5    God:
Gold:   184        SH:  4    Dex:  9    Spells: 3/3 levels left

rFire   . . .        a - +0 war axe
rCold   . . .        c - +0 buckler
rNeg    . . .        b - +0 scale mail
rPois   .            (helmet restricted)
rElec   .            (no cloak)
rCorr   .            (no gloves)
SInv    .            (no boots)
Will    .....        (no amulet) Stlth
                     (no ring)
HPRegen 0.26/turn    (no ring)
MPRegen 0.08/turn

%: no passive effects
@: mighty
A: horns 2, retaliatory headbutt
a: no special abilities


You were on level 3 of the Dungeon.
You visited 1 branch of the dungeon, and saw 3 of its levels.

You collected 184 gold pieces.

Inventory:

Hand Weapons
 a - a +0 war axe (weapon)
Armour
 b - a +0 scale mail (worn)
 c - a +0 buckler (worn)
Scrolls
 e - a scroll of poison {unknown}
 f - a scroll of amnesia {unknown}
 h - a scroll of fog {unknown}
 k - a scroll of vulnerability {unknown}
 l - 7 scrolls of identify {unknown}
Potions
 g - 2 potions of magic {unknown}
 i - 2 potions of brilliance {unknown}
 j - 2 potions of curing {unknown}
 m - a potion of heal wounds {unknown}


   Skills:
 + Level 4.3 Fighting
 * Level 4.1 Axes
 + Level 4.2 Armour
 + Level 4.3 Shields


You had 3 spell levels left.
You didn't know any spells.
Your spell library contained the following spells:

 Spells                   Type           Power      Damage    Failure   Level
 Sandblast                Erth           0%         2d4       85%         1
 Passwall                 Erth           0%         N/A       99%         3
 Stone Arrow              Conj/Erth      0%         3d7       99%         3
 Brom's Barrelling Bould  Conj/Erth      0%         2d3       100%        4


Dungeon Overview and Level Annotations

Branches:
Dungeon (3/15)

Altars:
Uskayaw

Shops:
D:1 [


Innate Abilities, Weirdness & Mutations

You have a pair of horns on your head.
You reflexively headbutt those who attack you in melee.


Message History

A hobgoblin is nearby!
You barely miss the hobgoblin. You headbutt the hobgoblin.
You kill the hobgoblin!
m - a metallic golden potion No target in view!
A rat comes into view.
The rat squeaks loudly.
A rat is nearby!
An adder comes into view.
There are monsters nearby!
A frilled lizard comes into view.
The adder hisses angrily.
The rat barely misses you. You furiously retaliate!
You headbutt the rat!
You kill the rat!
There are monsters nearby!
You hit the adder.
The adder is heavily wounded.
The adder bites you but does no damage. The adder barely misses you.
You barely miss the adder.
The adder is heavily wounded.
The adder misses you.
You barely miss the adder. You headbutt the adder.
The adder is almost dead.
The adder bites you.
You are poisoned.
The adder poisons you! The adder barely misses you.
The frilled lizard barely misses you.
You slash the adder!
You kill the adder!
You closely miss the frilled lizard.
You feel sick. The frilled lizard bites you.
Your Axes skill increases to level 4!
A frilled lizard is nearby!
You completely miss the frilled lizard.
Your headbutt misses the frilled lizard.
You feel sick. The frilled lizard closely misses you. You furiously retaliate!
You headbutt the frilled lizard!
You kill the frilled lizard!
You feel sick.
You feel sick.
You feel sick.
You are no longer poisoned.
You see here an adder corpse.
Found a stone staircase leading up.
No target in view!
A ribbon worm comes into view.
You block the ribbon worm's attack.
A ribbon worm is nearby!
You hit the ribbon worm. You headbutt the ribbon worm!
You kill the ribbon worm!
i - 2 fuming cyan potions (gained 1)
An orc comes into view. It is wielding a +0 flail.
An orc is nearby!
An orc is nearby!
An orc and an orc priest come into view.
The orc priest is wielding a +2 hand axe of electrocution.
The orc shouts!
The orc hits you with a +0 flail.
An orc wizard comes into view. It is wielding a +0 dagger.
The orc priest moves out of view.
There are monsters nearby!
You completely miss the orc. The orc hits you with a +0 flail.
An orc comes into view. It is wielding a +0 club.
The orc shouts!
You slash the orc!
You kill the orc!
The orc throws a boomerang.
The boomerang hits you but does no damage.
The orc priest mumbles some strange prayers to Beogh against you.
Pain shoots through your body!
Things that are here:
a +0 flail; a +0 leather armour; an orc corpse The orc priest miscasts a cantrip.
The orc wizard mumbles some strange words.
The orc wizard flickers and vanishes!
Deactivating autopickup; reactivate with Ctrl-A.
You closely miss the orc. The orc hits you but does no damage.
The orc priest mumbles some strange prayers to Beogh against you.
Beogh smites you! The orc hits you but does no damage.
You hit the orc but do no damage. You headbutt the orc, but do no damage.
The orc hits you but does no damage.
The orc priest looks braver for a moment.
You hit the orc but do no damage. You block the orc's attack.
The orc priest casts a cantrip, but nothing happens.
You slash the orc!
You kill the orc!
The orc priest calls down the wrath of Beogh upon you.
Beogh smites you! Something hits you.
You feel very mighty all of a sudden. The orc hits you but does no damage.
The orc priest barely misses you. Something hits you but does no damage.
Items here: ( ) [ †.
You slash the orc priest!
The orc priest is heavily wounded.
You closely miss something. You slash the orc!
You kill the orc!
Something hits you but does no damage.
The orc priest hits you with a +2 hand axe of electrocution.
You are electrocuted!!
You die...

#.............##
....##...†........
##................
##..............#.
#....###.###...##
##..#.# #.##..##... ###
..... #....## ..
###...##.#####...####..#
......)@.).............#
......o#######.##.##..##
#....## #.##....## #...
#######......### ...
..........<...... #.
##############... # ###


You could see an orc priest.

Vanquished Creatures
  5 adders
  A dart slug (D:1)
  4 ribbon worms
  3 orcs (D:3)
  7 ball pythons
  3 bats
  4 endoplasms
  3 giant cockroaches (D:2)
  4 hobgoblins
  2 quokkas
  3 frilled lizards
  A goblin (D:3)
  5 rats
45 creatures vanquished.

Notes
Turn   | Place    | Note
-------+----------+-------------------------------------------
     0 | D:1      | browni3141 the Minotaur Fighter began the quest for the
                  | Orb.
     0 | D:1      | Reached XP level 1. HP: 19/19 MP: 0/0
   162 | D:1      | Found Roffux's Armour Boutique.
   358 | D:1      | Reached XP level 2. HP: 27/27 MP: 1/1
  1179 | D:2      | Reached XP level 3. HP: 33/33 MP: 2/2
  1699 | D:3      | Reached XP level 4. HP: 38/40 MP: 3/3
  1787 | D:3      | Found a hide-covered altar of Uskayaw.
  1974 | D:3      | Demolished by an orc priest

Illustrated notes

Levels and vault maps discovered:
D:1:      lightli_arrival_noodles, layout_basic, serial_shops, shop
D:2:      minmay_door_path, layout_loops_cross
D:3:      layout_rooms, nicolae_uskayaw_dance_hall

Skill      XL: |  1  2  3  4 |
---------------+-------------+-----
Axes           | 3 4 |  4.1
Fighting       | 4 |  4.3
Armour         | 4 |  4.2
Shields        | 4 |  4.3

Action                     |  1- 3 |  4- 6 || total
---------------------------+-------+-------++-------
  Melee: War axe           |    68 |    28 ||    96
         Headbutt          |     7 |     4 ||    11
    Use: Potion            |       |     1 ||     1
 Armour: Scale mail        |    41 |    24 ||    65
  Dodge: Dodged            |    35 |    13 ||    48
  Block: Buckler           |    11 |     5 ||    16
